 Dungeon Crawl Stone Soup version 0.22-a0-351-g29664b4 (webtiles) character file.

156 vishdafish the Charmwright (level 5, 34/40 HPs)
             Began as a Demonspawn Skald on Apr 12, 2018.
             Quit the game on level 4 of the Dungeon.
             The game lasted 00:03:42 (2751 turns).

vishdafish the Charmwright (Demonspawn Skald)       Turns: 2751, Time: 00:03:42

Health: 34/40      AC:  5    Str: 11 (12) XL:     5   Next: 15%
Magic:  5/9        EV: 14    Int: 15      God:
Gold:   148        SH:  0    Dex: 12      Spells: 8/9 levels left

rFire    . . .     SeeInvis .   a - +0 spear
rCold    . . .     Gourm    .   (no shield)
rNeg     . . .     Faith    .   b - +0 leather armour
rPois    .         Spirit   .   (no helmet)
rElec    .         Reflect  .   (no cloak)
rCorr    .         Harm     .   r - +0 pair of gloves
MR       .....                  f - +0 pair of boots
Stlth    +.........             m - amulet of regeneration
HPRegen  0.53/turn              i - ring of wizardry
MPRegen  0.11/turn              (no ring)

@: no status effects
A: repulsion field 1, rot immunity
a: no special abilities


You were on level 4 of the Dungeon.
You were hungry.

You visited 1 branch of the dungeon, and saw 4 of its levels.

You collected 148 gold pieces.

Inventory:

Hand Weapons
 a - a +0 spear (weapon)
Missiles
 g - 3 needles of paralysis
 k - 22 sling bullets
Armour
 b - a +0 leather armour (worn)
 f - a +0 pair of boots (worn)
 r - a +0 pair of gloves (worn)
Jewellery
 i - a ring of wizardry (left hand)
 m - an amulet of regeneration (around neck)
Scrolls
 e - a scroll of enchant weapon {unknown}
 h - 3 scrolls of teleportation {unknown}
 j - 2 scrolls of identify {unknown}
 n - a scroll of amnesia {unknown}
 o - 3 scrolls of remove curse {unknown}
 p - a scroll of enchant armour {unknown}
 q - a scroll of fear {unknown}
Potions
 c - a potion of lignification
 l - 2 potions of degeneration
 s - a potion of agility {unknown}
Comestibles
 d - 12 rations


   Skills:
 + Level 2.8 Fighting
 + Level 2.6 Polearms
 - Level 1.1 Armour
 + Level 2.6 Dodging
 + Level 2.8 Spellcasting
 + Level 3.4 Charms


You had 8 spell levels left.
You knew the following spells:

 Your Spells              Type           Power        Failure   Level  Hunger
a - Infusion              Chrm           ##..         2%          1    #......


Dungeon Overview and Level Annotations

Branches:
Dungeon (4/15)
 Temple: D:4-7

Altars:
Okawaru


Innate Abilities, Weirdness & Mutations

You are surrounded by a mild repulsion field. (EV +2)
You are immune to rotting.


Message History

You completely miss the worker ant.
The worker ant is almost dead.
You feel sick. The worker ant bites you.
You hit the worker ant.
You kill the worker ant!
You feel your dexterity returning.
You have reached level 5!
Your demonic ancestry asserts itself...
You feel immune to rotting.
You feel sick.
You start resting.
You feel sick. x10
You are feeling hungry.
You start resting.
You feel sick.
You are no longer poisoned.
You start resting.
A frilled lizard comes into view.
Sorry, you're not good enough to have a special ability.
Are you sure you want to abandon this character and quit the game? (Confirm with "yes".)

#.[.# #...#
#...#
##...######+###
#.....#........
#.....'........
#######†.#####
...##..##..##..
........@.......
.........†......
#.########.###.l
# .# . .. .. ...


You could see a frilled lizard (wandering).

Vanquished Creatures
  A bullfrog zombie (D:3)
  A worker ant (D:4)
  2 adders (D:3)
  2 worms (D:2)
  2 dart slugs
  3 leopard geckos
  An orc (D:3)
  6 bats
  2 giant cockroaches (D:2)
  8 goblins
  9 hobgoblins
  9 jackals
  2 quokkas (D:3)
  A ball python (D:2)
  6 frilled lizards
  7 kobolds
  A leopard gecko skeleton (D:4)
  5 rats
68 creatures vanquished.

Notes
Turn   | Place    | Note
-------+----------+-------------------------------------------
     0 | D:1      | vishdafish the Demonspawn Skald began the quest for the Orb.
     0 | D:1      | Reached XP level 1. HP: 16/16 MP: 3/3
   168 | D:1      | Gained mutation: You are surrounded by a mild repulsion field. (EV +2) [demonic ancestry]
   168 | D:1      | Reached XP level 2. HP: 21/22 MP: 5/5
   574 | D:1      | Reached skill level 1 in Armour
   961 | D:2      | Reached skill level 3 in Charms
   961 | D:2      | Reached XP level 3. HP: 22/27 MP: 2/6
  1826 | D:3      | Reached XP level 4. HP: 8/34 MP: 0/7
  1925 | D:3      | Found an iron altar of Okawaru.
  2704 | D:4      | Gained mutation: You are immune to rotting. [demonic ancestry]
  2704 | D:4      | Reached XP level 5. HP: 21/40 MP: 0/9
  2751 | D:4      | Quit the game

Vault maps used:
D:1:      dpeg_arrival_renting
D:2:      first_ration
D:3:      lemuel_doored_altar
D:4:      fedhas_bush_and_centaur_altar, kennysheep_little_box, uniq_eustachio,
          uniq_menkaure, uniq_duvessa

Skill      XL: |  1  2 |
---------------+-------+-----
Armour         | 1 |  1.1
Polearms       | 2 |  2.6
Dodging        | 2 |  2.6
Charms         | 3 |  3.4
Fighting       | |  2.8
Spellcasting   | |  2.8

Action                   |  1- 3 |  4- 6 || total
-------------------------+-------+-------++-------
Melee: Spear             |   211 |    97 ||   308
 Cast: Infusion          |    13 |     5 ||    18
  Use: Potion            |       |     3 ||     3
  Eat: Chunk             |     3 |     3 ||     6
Armor: Leather armour    |    34 |    16 ||    50
       Skin              |       |    16 ||    16
Dodge: Dodged            |   137 |    53 ||   190

Table legend:
 A = Spawn XP
 B = Non-spawn XP
 C = Spawn XP percentage of total XP
 D = Spawn monster count
 E = Non-spawn monster count
 F = Spawn count percentage of total count
 G = Total turns spent on level
                    A         B        C        D         E        F      G
               +---------+---------+-------+---------+---------+-------+---------
         Total |       0 |     224 |   0.0 |       0 |      68 |   0.0 |  2751
               +---------+---------+-------+---------+---------+-------+---------
           D:1 |       0 |      28 |   0.0 |       0 |      17 |   0.0 |   921
           D:2 |       0 |      48 |   0.0 |       0 |      22 |   0.0 |   669
           D:3 |       0 |     110 |   0.0 |       0 |      25 |   0.0 |  1081
           D:4 |       0 |      38 |   0.0 |       0 |       4 |   0.0 |    80
               +---------+---------+-------+---------+---------+-------+---------
